 Dungeon Crawl Stone Soup version 0.19.0 (webtiles) character file.

762 TheGoonsmith the Slasher (level 7, -4/38 HPs)
             Began as a Vine Stalker Gladiator on Nov 15, 2016.
             Was an Initiate of Ru.
             Killed from afar by a steam dragon (12 damage)
             ... with a ball of steam
             ... on level 5 of the Dungeon.
             The game lasted 00:05:32 (4593 turns).

TheGoonsmith the Slasher (Vine Stalker Gladiator)   Turns: 4593, Time: 00:05:32

Health: -4/38      AC:  9    Str: 18    XL:     7   Next: 81%
Magic:  0/8        EV: 12    Int:  8    God:    Ru [......]
Gold:   292        SH:  0    Dex: 16    Spells: 0 memorised, 6 levels left

rFire  . . .     SeeInvis .     a - +0 long sword
rCold  + . .     Gourm    .     A - +0 ring mail
rNeg   . . .     Faith    .     (no shield)
rPois  .         Spirit   +     c - +1 helmet
rElec  .         Reflect  .     y - +1 cloak
rCorr  .         Harm     .     (no gloves)
MR     .....                    (no boots)
Stlth  +.........               (no amulet)
                                z - ring of wizardry
                                o - ring of protection from cold

@: no status effects
A: fangs 2, regeneration 1, magic shield, antimagic bite, no device heal 3, rot
immunity
a: Renounce Religion


You were on level 5 of the Dungeon.
You worshipped Ru.
Ru was noncommittal.
You were not hungry.

You visited 1 branch of the dungeon, and saw 5 of its levels.

You collected 292 gold pieces.

Inventory:

Hand Weapons
 a - a +0 long sword (weapon)
Missiles
 d - 3 throwing nets (quivered)
Armour
 b - a +0 leather armour
 c - a +1 helmet (worn)
 j - a +0 cloak
 v - a +0 ring mail
 y - a +1 cloak (worn)
 A - a +0 ring mail (worn)
Jewellery
 o - a ring of protection from cold (left hand)
 z - a ring of wizardry (right hand)
Scrolls
 g - 2 scrolls of remove curse
 q - 3 scrolls of random uselessness
 r - 3 scrolls of identify
 x - 3 scrolls of magic mapping
Potions
 e - a potion of flight {unknown}
 h - 2 potions of heal wounds {unknown}
 i - a potion of might
 k - a potion of curing {unknown}
 m - 2 potions of cure mutation
 n - 3 potions of haste
 p - 2 potions of agility
 t - a potion of brilliance {unknown}
 w - a potion of lignification {unknown}
Comestibles
 f - 4 bread rations
 l - a chunk of flesh
 s - 3 fruits
 u - a royal jelly


   Skills:
 + Level 4.5 Fighting
 * Level 6.9 Long Blades
 - Level 1.7 Throwing
 - Level 2.4 Dodging


You had 6 spell levels left.
You didn't know any spells.

Dungeon Overview and Level Annotations

Branches:
Dungeon (5/15)
 Temple: D:4-7

Altars:
Nemelex Xobeh
Ru
Xom
Zin


Innate Abilities, Weirdness & Mutations

You have extremely sharp teeth.
Your natural rate of healing is unusually fast.
When hurt, damage is shared between your health and your magic reserves.
Your bite disrupts and absorbs the magic of your enemies.
Potions and wands cannot restore your health.
You are immune to rotting.


Message History

The steam dragon closely misses you. The steam dragon misses you.
You hit the steam dragon.
You bite the steam dragon, but do no damage.
The steam dragon is lightly wounded.
The steam dragon bites you.
The steam dragon claws you but does no damage.
The steam dragon breathes steam at you. The ball of steam hits you!
Ouch! That really hurt!
You hit the steam dragon. Your bite misses the steam dragon.
The steam dragon is lightly wounded.
You are engulfed in a cloud of scalding steam.
The steam dragon bites you.
* * * LOW HITPOINT WARNING * * *
The steam dragon barely misses you. The steam dragon bites you.
* * * LOW HITPOINT WARNING * * *
The steam dragon barely misses you. The steam dragon breathes steam at you.
The ball of steam hits you!
You die...

.).....#
#P.≈##..#.#.#
.......#
#.P###..#.#.#
.......#
#..#....#.#,*****
.......#
##.§#.##...#,,,,,*
.......#
#..≈#.###..#,,,,,*
######## #..§#.#
#..#..,,,*
#^..#.####.#.#****
#≈.^#....#.#.#
#P@≈####.#.#.#
*#§§D#* #.#.#.#
#≈.D≈.#*#.#...#
*#≈≈.P.P##.#...##
#P≈....≈.#.#....#
#≈≈.....P#.#.#..##
##.....PP#.#.#...#
#.≈..≈.##.#.##..#
###≈≈≈###.#.##..##


You could see 2 steam dragons.

Vanquished Creatures
  The ghost of Ark the Shield-Bearer, a novice GrFi (D:4)
  A sky beast (D:4)
  A centaur (D:5)
  A howler monkey (D:4)
  2 crimson imps (D:5)
  A bullfrog zombie (D:5)
  An iguana (D:4)
  3 worker ants
  A hound skeleton (D:5)
  4 adders
  A shadow imp (D:4)
  An ooze (D:4)
  A dart slug (D:5)
  A worm (D:2)
  4 leopard geckos
  2 orcs (D:3)
  3 giant cockroaches
  5 hobgoblins
  3 jackals (D:2)
  2 ball pythons (D:1)
  3 bats
  5 frilled lizards
  5 goblins
  10 kobolds
  9 rats
71 creatures vanquished.

Notes
Turn   | Place    | Note
-------+----------+-------------------------------------------
     0 | D:1      | TheGoonsmith the Vine Stalker Gladiator began the quest for the Orb.
     0 | D:1      | Reached XP level 1. HP: 11/11 MP: 2/2
   218 | D:1      | Reached skill level 3 in Long Blades
   286 | D:1      | Reached XP level 2. HP: 15/15 MP: 3/3
  1217 | D:2      | Reached XP level 3. HP: 15/18 MP: 4/4
  2159 | D:3      | Gained mutation: Your natural rate of healing is unusually fast. [Vine Stalker growth]
  2159 | D:3      | Reached XP level 4. HP: 17/23 MP: 3/5
  2210 | D:3      | Found a glowing silver altar of Zin.
  2421 | D:3      | Reached skill level 4 in Long Blades
  2780 | D:4      | Reached XP level 5. HP: 26/28 MP: 6/6
  3067 | D:4      | Found a shimmering altar of Xom.
  3067 | D:4      | Found a shimmering altar of Xom.
  3067 | D:4      | Found a shimmering altar of Xom.
  3067 | D:4      | Found a shimmering altar of Xom.
  3068 | D:4      | Found a shimmering altar of Xom.
  3069 | D:4      | Found a shimmering altar of Xom.
  3100 | D:4      | Found a sparkling altar of Nemelex Xobeh.
  3344 | D:4      | Noticed Ark's ghost (novice GrFi)
  3448 | D:4      | Reached skill level 5 in Long Blades
  3464 | D:5      | Entered Level 5 of the Dungeon
  3654 | D:4      | Noticed a sky beast
  3680 | D:4      | Killed a sky beast
  3680 | D:4      | Reached XP level 6. HP: 12/32 MP: 4/7
  3798 | D:4      | Killed Ark's ghost
  3798 | D:4      | Reached skill level 6 in Long Blades
  3798 | D:4      | Reached XP level 7. HP: 24/37 MP: 8/8
  3862 | D:4      | Found a faded altar of an unknown god.
  3862 | D:4      | Found a faded altar of an unknown god.
  3867 | D:4      | Found a sacrificial altar of Ru.
  3869 | D:4      | Found a faded altar of an unknown god.
  3870 | D:4      | Found a faded altar of an unknown god.
  3938 | D:4      | Became a worshipper of Ru the Awakened
  4587 | D:5      | Noticed a steam dragon
  4588 | D:5      | Noticed a steam dragon
  4593 | D:5      | Killed from afar by a steam dragon

Skill      XL: |  1  2  3  4  5  6 |
---------------+-------------------+-----
Fighting       | 2 3 4 |  4.5
Long Blades    | 3 4 5 6 |  6.9
Throwing       | |  1.7
Dodging        | |  2.4

Action                   |  1- 3 |  4- 6 |  7- 9 || total
-------------------------+-------+-------+-------++-------
Melee: Long sword        |    95 |    68 |    42 ||   205
       Bite              |    37 |    21 |    17 ||    75
  Use: Scroll            |       |    13 |       ||    13
       Potion            |       |     3 |       ||     3
 Stab: Sleeping          |     1 |       |       ||     1
  Eat: Chunk             |     2 |     1 |     2 ||     5
       Meat ration       |     1 |       |       ||     1
       Royal jelly       |       |       |     1 ||     1
Armor: Leather armour    |    20 |       |       ||    20
       Ring mail         |     2 |    28 |    16 ||    46
Dodge: Dodged            |    88 |    37 |    33 ||   158
       Rpst.: Long sword |    22 |     7 |    13 ||    42
